 Dungeon Crawl Stone Soup version 0.22.1-1-ga44c0e5 (webtiles) character file.

182 Harpaggios the Vexing (level 5, -5/42 HPs)
             Began as a Naga Enchanter on Oct 19, 2018.
             Slain by Menkaure (22 damage)
             ... on level 4 of the Dungeon.
             The game lasted 00:10:10 (2736 turns).

Harpaggios the Vexing (Naga Enchanter)              Turns: 2736, Time: 00:10:10

Health: -5/42      AC:  7    Str: 10    XL:     5   Next: 62%
Magic:  0/8        EV: 10    Int: 16    God:
Gold:   104        SH:  0    Dex: 12    Spells: 4/8 levels left

rFire    . . .     SeeInvis +   i - +3 short sword (holy)
rCold    . . .     Gourm    .   (no shield)
rNeg     . . .     Faith    .   b - +0 robe
rPois    +         Spirit   +   (no helmet)
rElec    .         Reflect  .   (no cloak)
rCorr    .         Harm     .   e - +2 pair of gloves
MR       .....                  (no barding)
Stlth    +++.......             m - amulet of guardian spirit
HPRegen  0.14/turn              (no ring)
MPRegen  0.11/turn              (no ring)

@: short of breath, very slightly contaminated, very slow
A: large, iridescent scales 1, see invisible, deformed body, sense surroundings
1, poison resistance, screaming 1, slowness 2, slow metabolism 1, spit poison 1,
AC +1
a: Spit Poison


You were on level 4 of the Dungeon.
You were not hungry.

You visited 1 branch of the dungeon, and saw 4 of its levels.

You collected 104 gold pieces.

Inventory:

Hand Weapons
 i - a +3 short sword of holy wrath (weapon)
Armour
 b - a +0 robe (worn)
 e - a +2 pair of gloves (worn)
Jewellery
 m - an amulet of guardian spirit (around neck)
Scrolls
 a - a scroll of magic mapping
 c - 4 scrolls of remove curse
 j - 3 scrolls of teleportation
Comestibles
 d - 6 rations
 k - 2 chunks of flesh


   Skills:
 + Level 3.7 Short Blades
 - Level 1.5 Dodging
 - Level 4.4 Stealth
 - Level 2.0 Spellcasting
 + Level 4.8 Hexes


You had 4 spell levels left.
You knew the following spells:

 Your Spells              Type           Power        Failure   Level  Hunger
a - Corona                Hex            ###....      3%          1    #......
b - Confuse               Hex            ###.....     9%          3    ###....

Your spell library contained the following spells:

 Spells                   Type           Power        Failure   Level  Hunger
 Tukima's Dance           Hex            ###.....     9%          3    ###....
 Ensorcelled Hibernation  Hex/Ice        #.....       12%         2    ###....
 Dazzling Spray           Conj/Hex       #.....       24%         3    ###....


Dungeon Overview and Level Annotations

Branches:
Dungeon (4/15)
 Temple: D:4-7

Altars:
Gozag
Okawaru

Annotations:
D:4 Menkaure


Innate Abilities, Weirdness & Mutations

You cannot wear boots.
Your serpentine skin is tough. (AC +1)
You have supernaturally acute eyesight. (SInv)
Armour fits poorly on your strangely shaped body.
Your system is resistant to poisons. (rPois)
You cover ground very slowly.
You have a slow metabolism.
You can spit poison.
You are partially covered in iridescent scales. (AC +2)
You passively map a small area around you.
You occasionally shout uncontrollably at your foes.


Message History

The adder bites you but does no damage.
You puncture the adder!
You kill the adder!
Press: ? - help, Shift-Dir - straight line, f - Menkaure
Aim: Menkaure (fast)
The splash of poison hits Menkaure.
Menkaure appears unharmed.
You feel slightly more hungry.
Menkaure calls on the powers of darkness!
Your body is wracked with pain!
The adder convulses!
Casting: Corona (safe; 3% risk of failure)
Confirm with . or Enter, or press ? or * to list all spells.
Aiming: Confuse (safe; 9% risk of failure)
Press: ? - help, Shift-Dir - straight line, f/p - Menkaure
Aim: Menkaure (fast, chance to defeat MR: 48%)
You miscast Confuse.
You are very lightly contaminated with residual magic.
Multicoloured lights dance before your eyes!
Menkaure hits you!!
Ouch! That really hurt!
You die... , , * #.# ...# ###########.# ,.S# #...........# SM#

#.########### * *
#.# #.# ,#.#
###.# #.#####...#
*
...#.##....##.###
..........SM@.#
..#..#####.####
... #.# . * * #.#
#.# * #.# , * #.#
* , ..., * *


You could see Menkaure and an adder.

Vanquished Creatures
  A scorpion (D:4)
  A centaur skeleton (D:4)
  A worker ant (D:4)
  3 adders
  2 worms
  2 dart slugs
  3 leopard geckos
  An orc (D:3)
  3 giant cockroaches
  2 goblins
  2 hobgoblins (D:1)
  6 jackals
  5 kobolds (D:1)
  A quokka (D:2)
  A ball python (D:2)
  8 bats
  A frilled lizard (D:3)
  4 rats
47 creatures vanquished.

Vanquished Creatures (others)
  An orc priest (D:4)
  An orc wizard (D:4)
  2 orcs (D:4)
4 creatures vanquished.

Grand Total: 51 creatures vanquished

Notes
Turn   | Place    | Note
-------+----------+-------------------------------------------
     0 | D:1      | Harpaggios the Naga Enchanter began the quest for the Orb.
     0 | D:1      | Reached XP level 1. HP: 15/15 MP: 3/3
   164 | D:1      | Reached XP level 2. HP: 6/22 MP: 1/5
   732 | D:1      | Gained mutation: You are partially covered in iridescent
                  | scales. (AC +2) [potion of mutation]
   732 | D:1      | Gained mutation: You occasionally shout uncontrollably at
                  | your foes. [potion of mutation]
   732 | D:1      | Gained mutation: You passively map a small area around you.
                  | [potion of mutation]
   978 | D:2      | Reached XP level 3. HP: 28/28 MP: 3/6
  1371 | D:2      | Found an iron altar of Okawaru.
  1696 | D:2      | Reached XP level 4. HP: 36/36 MP: 7/7
  1701 | D:2      | Learned a level 3 spell: Confuse
  1796 | D:3      | Found an opulent altar of Gozag.
  2379 | D:4      | Reached XP level 5. HP: 23/42 MP: 4/8
  2721 | D:4      | Noticed Menkaure
  2736 | D:4      | Slain by Menkaure

Skill      XL: |  1  2  3  4 |
---------------+-------------+-----
Short Blades   | 2 3 |  3.7
Hexes          | 4 |  4.8
Dodging        | |  1.5
Stealth        | |  4.4
Spellcasting   | |  2.0

Action                   |  1- 3 |  4- 6 || total
-------------------------+-------+-------++-------
Melee: Dagger            |    21 |       ||    21
       Short sword       |    24 |    38 ||    62
 Cast: Corona            |    15 |     5 ||    20
       Confuse           |       |     2 ||     2
 Abil: Spit Poison       |    24 |    12 ||    36
  Use: Potion            |     3 |     3 ||     6
       Scroll            |     5 |     3 ||     8
 Stab: Sleeping          |     1 |       ||     1
       Confused          |       |     1 ||     1
  Eat: Chunk             |     3 |     4 ||     7
Armor: Robe              |    15 |    14 ||    29
Dodge: Dodged            |    17 |    15 ||    32
